 Dungeon Crawl Stone Soup version 0.31-a0-662-g684573625c (webtiles) character file.

Game seed: 1624015522642406610

9 jlumianski the Trooper (level 2, 0/24 HPs)
             Began as a Demonspawn Fighter on Sept 2, 2023.
             Slain by a hobgoblin (3 damage)
             ... on level 1 of the Dungeon.
             The game lasted 00:01:00 (289 turns).

jlumianski the Trooper (Demonspawn Fighter)          Turns: 289, Time: 00:01:01

Health: 0/24       AC:  6    Str: 16    XL:     2   Next: 3%
Magic:  2/2        EV:  8    Int:  9    God:
Gold:   32         SH:  4    Dex: 12    Spells: 1/1 levels left

rFire   . . .        a - +0 war axe
rCold   . . .        c - +0 buckler
rNeg    . . .        b - +0 scale mail
rPois   .            (no helmet)
rElec   .            (no cloak)
rCorr   .            (no gloves)
SInv    .            (no boots)
Will    .....        (no amulet) Stlth
                     (no ring)
HPRegen 0.24/turn    (no ring)
MPRegen 0.08/turn

%: no passive effects
@: no status effects
A: demonic touch 1
a: no special abilities


You were on level 1 of the Dungeon.
You visited 1 branch of the dungeon, and saw 1 of its levels.

You collected 32 gold pieces.

Inventory:

Hand Weapons
 a - a +0 war axe (weapon)
Armour
 b - a +0 scale mail (worn)
 c - a +0 buckler (worn)
Scrolls
 e - 2 scrolls of identify {unknown}
Potions
 d - a potion of might
 f - a potion of curing {unknown}


   Skills:
 + Level 3.1 Fighting
 + Level 1.9 Axes
 + Level 2.8 Armour
 + Level 2.9 Shields


You had one spell level left.
You didn't know any spells.
Your spell library was empty.

Dungeon Overview and Level Annotations

Branches:
Dungeon (1/15)

Altars:


Innate Abilities, Weirdness & Mutations

Your touch may inflict minor irresistible damage on your foes.


Message History

The hobgoblin hits you. The frilled lizard barely misses you.
The hobgoblin hits you.
The frilled lizard bites you but does no damage.
You block the hobgoblin's attack. The frilled lizard bites you.
The hobgoblin barely misses you.
The frilled lizard bites you but does no damage.
You block the hobgoblin's attack. The frilled lizard barely misses you.
The hobgoblin hits you but does no damage.
The frilled lizard bites you but does no damage.
The hobgoblin hits you but does no damage.
The frilled lizard closely misses you.
The hobgoblin hits you but does no damage.
You block the frilled lizard's attack.
The hobgoblin hits you but does no damage.
The frilled lizard bites you but does no damage.
The hobgoblin hits you but does no damage.
The frilled lizard bites you. The hobgoblin closely misses you.
The frilled lizard closely misses you. The hobgoblin closely misses you.
The frilled lizard completely misses you.
The hobgoblin barely misses you.
The frilled lizard bites you but does no damage.
The hobgoblin closely misses you.
The frilled lizard bites you but does no damage.
You block the hobgoblin's attack. The frilled lizard barely misses you.
The hobgoblin hits you.
* * * LOW HITPOINT WARNING * * *
The frilled lizard bites you but does no damage.
The hobgoblin barely misses you. The frilled lizard bites you.
* * * LOW HITPOINT WARNING * * *
You block the hobgoblin's attack. The frilled lizard bites you.
* * * LOW HITPOINT WARNING * * *
The hobgoblin hits you.
* * * LOW HITPOINT WARNING * * *
The frilled lizard bites you.
* * * LOW HITPOINT WARNING * * *
The hobgoblin hits you but does no damage.
The frilled lizard bites you but does no damage.
The hobgoblin hits you.
You die...

#.. #....##.
##..# ...#..
#.... #....###
##....##....#..
#[.....#...##.#
#......#...##.#
.......g.#.##.#
#..l@......####
#######.......#
...##.####.#
#.##.####.# #
###.####.#
#....# ##
##.####.#
#....+ .
#####.####.#
#....#
..+####.####.#
#....#
.............#


You could see a hobgoblin and a frilled lizard.

Vanquished Creatures
  A dart slug (D:1)
  A ball python (D:1)
  2 bats (D:1)
  2 goblins (D:1)
6 creatures vanquished.

Notes
Turn   | Place    | Note
-------+----------+-------------------------------------------
     0 | D:1      | jlumianski the Demonspawn Fighter began the quest for the
                  | Orb.
     0 | D:1      | Reached XP level 1. HP: 18/18 MP: 1/1
   211 | D:1      | Gained mutation: Your touch may inflict minor irresistible
                  | damage on your foes. [demonic ancestry]
   211 | D:1      | Reached XP level 2. HP: 24/24 MP: 2/2
   289 | D:1      | Slain by a hobgoblin

Illustrated notes

Levels and vault maps discovered:
D:1:      lemuel_arrival_rhombus, layout_basic,
          dreamdust_ecumenical_altar_sealed_demon, grunt_decor_mini_mirrors,
          reono_crystal_passage, minmay_misc_feat_x, minivault_24,
          minmay_misc_feat_iff, serial_park_tiny_1

Action                     || total
---------------------------++-------
  Melee: War axe           ||    16
 Armour: Scale mail        ||    59
  Dodge: Dodged            ||    38
  Block: Buckler           ||    19

Table legend: (Time is in decaauts)
 A = Elapsed time spent in this place.
 B = Non-inter-level travel time spent in this place.
 C = Inter-level travel time spent in this place.
 D = Time resting spent in this place.
 E = Time spent auto-exploring this place.
 F = Levels seen in this place.
 G = Mean time per level.
                   A        B        C        D        E       F      G
               +--------+--------+--------+--------+--------+-----+--------+
         Total |    296 |    296 |      0 |      0 |    101 |   1 |  296.0 |
       Dungeon |    296 |    296 |      0 |      0 |    101 |   1 |  296.0 |
               +--------+--------+--------+--------+--------+-----+--------+

Top non-repeatable levels by time:
     D:1: 296 daAuts
